[ AOE2 MATCH · #469269582 ]
UnrankedMaya vs Vikings
Player's team · WIN
Rival team · LOSS
[ REPLAY ANALYSIS · EXTRACTED FROM THE RECORDED GAME ]
Feudal
10:31
Castle
22:22
Imperial
—
| APM avg | 79.1 |
| APM peak | 121 |
| eAPM avg | 36.6 |
| Villagers / military | 49 / 45 |
Focus
⚔️ 52.5% · 🌾 47.5%
Eagle Scout ×22 · Archer ×17 · Militia ×6
Feudal
9:42
Castle
—
Imperial
—
| APM avg | 56.8 |
| APM peak | 91 |
| eAPM avg | 24.9 |
| Villagers / military | 56 / 25 |
Focus
⚔️ 30.5% · 🌾 69.5%
Archer ×25
Match map
Initial resources + every placement click. Lines = walls · curves = elevation contours. ◆ gold · ⬟ stone · ● berries · ✦ relic · ◌ wall gap
Your base· Open — 3t gap
ITA | MarknighT's base· Open — 4t gap
Smoothed initial terrain · ◌ = detected wall gap · hover for details
Inputs per minute
— 桐月 - - ITA | MarknighT
Build order — 桐月
First 150 of 165 actions detected
| 0:00 | Research | Loom |
| 0:02 | Build | House |
| 0:04 | Build | House |
| 0:07 | Create | Villager (Male) ×3 |
| 0:07 | Create | Villager (Male) |
| 1:25 | Create | Villager (Male) |
| 1:50 | Create | Villager (Male) |
| 1:50 | Create | Villager (Male) |
| 2:29 | Create | Villager (Male) |
| 2:29 | Create | Villager (Male) |
| 2:30 | Build | Lumber Camp |
| 3:09 | Create | Villager (Male) |
| 3:09 | Create | Villager (Male) |
| 3:23 | Build | House |
| 3:30 | Create | Villager (Male) |
| 3:57 | Create | Villager (Male) |
| 4:07 | Create | Villager (Male) |
| 4:25 | Build | House |
| 5:09 | Build | Barracks |
| 5:12 | Create | Villager (Male) |
| 5:28 | Create | Villager (Male) |
| 5:28 | Create | Villager (Male) |
| 5:35 | Build | House |
| 6:02 | Create | Militia |
| 6:03 | Create | Militia |
| 6:21 | Create | Villager (Male) |
| 6:37 | Build | Mill |
| 6:45 | Create | Villager (Male) |
| 7:20 | Create | Villager (Male) |
| 7:40 | Create | Villager (Male) |
| 8:15 | Research | Feudal Age |
| 8:15 | Research | Feudal Age |
| 8:18 | Build | Mining Camp |
| 8:43 | Build | House |
| 9:05 | Create | Militia |
| 9:05 | Create | Militia |
| 9:14 | Create | Militia |
| 9:32 | Create | Militia |
| 9:49 | Create | Villager (Male) |
| 10:31 | Age | Feudal Age |
| 10:32 | Create | Villager (Male) |
| 10:34 | Research | Man-at-Arms (upgrade) |
| 10:34 | Research | Man-at-Arms (upgrade) |
| 10:40 | Build | Archery Range |
| 10:40 | Create | Eagle Scout |
| 10:46 | Research | Double-Bit Axe |
| 10:50 | Build | Palisade Wall |
| 11:03 | Create | Villager (Male) |
| 11:23 | Create | Eagle Scout |
| 11:23 | Create | Eagle Scout |
| 11:26 | Build | House |
| 11:36 | Create | Archer |
| 11:36 | Create | Archer |
| 11:47 | Create | Villager (Male) |
| 11:49 | Build | House |
| 11:55 | Build | Mill |
| 12:00 | Build | Mill |
| 12:03 | Create | Villager (Male) |
| 12:04 | Create | Archer |
| 12:06 | Research | Gold Mining |
| 12:06 | Research | Gold Mining |
| 12:08 | Build | House |
| 12:20 | Create | Villager (Male) |
| 12:44 | Create | Villager (Male) |
| 12:57 | Build | Blacksmith |
| 13:01 | Create | Archer |
| 13:02 | Create | Eagle Scout |
| 13:14 | Create | Villager (Male) |
| 13:17 | Create | Villager (Male) |
| 13:25 | Create | Villager (Male) |
| 13:34 | Research | Fletching |
| 13:36 | Create | Archer |
| 13:38 | Create | Eagle Scout |
| 13:40 | Build | Farm |
| 13:43 | Build | Farm |
| 13:51 | Create | Eagle Scout |
| 13:57 | Create | Villager (Male) |
| 13:59 | Build | House |
| 14:00 | Build | Palisade Wall |
| 14:03 | Build | House |
| 14:06 | Create | Archer |
| 14:07 | Research | Scale Mail Armor |
| 14:27 | Create | Villager (Male) |
| 14:29 | Build | Farm |
| 14:30 | Build | Farm |
| 14:31 | Build | Farm |
| 14:35 | Build | Farm |
| 14:41 | Create | Eagle Scout |
| 14:43 | Create | Villager (Male) |
| 14:44 | Build | House |
| 14:55 | Create | Archer |
| 14:57 | Build | Farm |
| 15:08 | Build | Farm |
| 15:26 | Create | Archer |
| 15:26 | Create | Villager (Male) |
| 15:29 | Create | Eagle Scout |
| 15:33 | Build | House |
| 15:35 | Build | Farm |
| 15:46 | Create | Archer |
| 15:46 | Create | Archer |
| 15:46 | Create | Villager (Male) |
| 15:51 | Build | Farm |
| 16:04 | Create | Villager (Male) |
| 16:07 | Build | Farm |
| 16:15 | Create | Archer |
| 16:18 | Build | Farm |
| 16:19 | Create | Villager (Male) |
| 16:36 | Create | Archer |
| 16:39 | Create | Eagle Scout |
| 16:39 | Create | Villager (Male) |
| 16:58 | Create | Villager (Male) |
| 17:03 | Build | Farm |
| 17:15 | Create | Villager (Male) |
| 17:19 | Create | Archer |
| 17:20 | Create | Eagle Scout |
| 17:41 | Build | Farm |
| 17:54 | Build | Palisade Gate |
| 17:56 | Build | Palisade Wall |
| 17:57 | Build | House |
| 18:21 | Create | Villager (Male) |
| 18:36 | Build | Lumber Camp |
| 18:43 | Create | Archer |
| 18:44 | Create | Eagle Scout |
| 18:45 | Create | Villager (Male) |
| 19:02 | Build | Palisade Gate |
| 19:06 | Create | Villager (Male) |
| 19:15 | Create | Archer |
| 19:15 | Create | Eagle Scout |
| 19:32 | Research | Castle Age |
| 20:01 | Build | Palisade Wall |
| 20:09 | Research | Horse Collar |
| 20:11 | Create | Eagle Scout |
| 20:23 | Research | Forging |
| 20:23 | Research | Forging |
| 20:24 | Build | Barracks |
| 20:34 | Create | Eagle Scout |
| 21:04 | Create | Eagle Scout |
| 21:18 | Build | Barracks |
| 21:19 | Create | Eagle Scout |
| 21:20 | Create | Eagle Scout |
| 21:22 | Create | Villager (Male) |
| 21:34 | Create | Eagle Scout |
| 21:47 | Build | House |
| 21:47 | Build | House |
| 21:49 | Build | House |
| 21:52 | Build | Palisade Wall |
| 21:59 | Create | Eagle Scout |
| 22:01 | Build | House |
| 22:03 | Build | House |
| 22:04 | Build | Palisade Wall |
Build order — ITA | MarknighT
First 150 of 166 actions detected
| 0:01 | Create | Villager (Male) |
| 0:02 | Build | House |
| 0:04 | Build | House |
| 0:16 | Create | Villager (Male) |
| 0:17 | Create | Villager (Male) |
| 0:51 | Create | Villager (Male) |
| 1:31 | Create | Villager (Male) |
| 1:31 | Create | Villager (Male) |
| 1:46 | Build | Lumber Camp |
| 1:57 | Create | Villager (Male) |
| 1:57 | Create | Villager (Male) |
| 2:24 | Create | Villager (Male) |
| 2:54 | Create | Villager (Male) |
| 2:54 | Create | Villager (Male) |
| 3:37 | Create | Villager (Male) |
| 4:01 | Build | House |
| 4:02 | Create | Villager (Male) |
| 4:22 | Create | Villager (Male) |
| 4:22 | Create | Villager (Male) |
| 4:30 | Build | House |
| 4:40 | Create | Villager (Male) |
| 5:22 | Build | Mill |
| 5:25 | Create | Villager (Male) |
| 5:46 | Create | Villager (Male) |
| 5:51 | Build | Mill |
| 6:17 | Create | Villager (Male) |
| 6:40 | Create | Villager (Male) |
| 6:43 | Research | Loom |
| 7:28 | Research | Feudal Age |
| 7:28 | Research | Feudal Age |
| 8:03 | Build | House |
| 8:05 | Build | House |
| 8:31 | Build | Barracks |
| 8:51 | Build | Mining Camp |
| 9:27 | Build | House |
| 9:32 | Create | Villager (Male) |
| 9:42 | Age | Feudal Age |
| 9:45 | Build | Archery Range |
| 9:49 | Research | Double-Bit Axe |
| 9:56 | Build | Palisade Wall |
| 9:57 | Build | Palisade Wall |
| 9:58 | Build | Palisade Wall |
| 10:06 | Create | Villager (Male) |
| 10:22 | Build | Palisade Wall |
| 10:26 | Build | Palisade Wall |
| 10:35 | Create | Archer |
| 10:37 | Create | Villager (Male) |
| 10:45 | Build | Mill |
| 11:12 | Build | Palisade Wall |
| 11:13 | Build | Palisade Wall |
| 11:17 | Build | Palisade Wall |
| 11:18 | Build | Palisade Wall |
| 11:22 | Build | Palisade Wall |
| 11:23 | Build | Palisade Wall |
| 11:25 | Create | Villager (Male) |
| 11:29 | Create | Archer |
| 11:32 | Create | Villager (Male) |
| 11:40 | Build | Palisade Wall |
| 11:43 | Build | Palisade Wall |
| 11:53 | Build | Farm |
| 11:54 | Build | Farm |
| 11:55 | Build | Farm |
| 11:59 | Build | Farm |
| 12:07 | Create | Villager (Male) |
| 12:09 | Create | Archer |
| 12:33 | Create | Villager (Male) |
| 12:48 | Create | Archer |
| 12:50 | Create | Villager (Male) |
| 12:54 | Build | Watch Tower |
| 13:01 | Build | Farm |
| 13:03 | Build | Farm |
| 13:04 | Build | Farm |
| 13:10 | Build | House |
| 13:11 | Build | House |
| 13:17 | Build | House |
| 13:18 | Build | Palisade Wall |
| 13:20 | Build | Palisade Wall |
| 13:35 | Create | Villager (Male) |
| 13:36 | Create | Archer |
| 13:46 | Build | Palisade Wall |
| 13:52 | Build | Palisade Wall |
| 13:53 | Build | Palisade Wall |
| 13:53 | Build | Palisade Wall |
| 14:03 | Create | Archer |
| 14:08 | Build | Palisade Wall |
| 14:28 | Create | Villager (Male) |
| 14:33 | Build | Palisade Wall |
| 14:38 | Build | Palisade Wall |
| 14:41 | Create | Archer |
| 14:47 | Create | Villager (Male) |
| 14:58 | Create | Villager (Male) |
| 15:07 | Create | Villager (Male) |
| 15:15 | Build | Blacksmith |
| 15:19 | Create | Villager (Male) |
| 15:23 | Create | Villager (Male) |
| 15:24 | Create | Archer |
| 15:28 | Build | House |
| 15:36 | Build | House |
| 15:48 | Build | House |
| 15:49 | Build | House |
| 16:01 | Research | Fletching |
| 16:02 | Create | Villager (Male) |
| 16:07 | Build | Archery Range |
| 16:19 | Create | Villager (Male) |
| 16:28 | Build | Farm |
| 16:58 | Create | Archer |
| 16:59 | Create | Archer |
| 17:11 | Build | House |
| 17:14 | Build | Palisade Wall |
| 17:16 | Build | House |
| 17:51 | Create | Villager (Male) |
| 17:53 | Create | Archer |
| 17:53 | Create | Archer |
| 18:08 | Create | Villager (Male) |
| 18:13 | Create | Villager (Male) |
| 18:26 | Create | Villager (Male) |
| 18:32 | Create | Villager (Male) |
| 18:40 | Create | Villager (Male) |
| 18:46 | Create | Villager (Male) |
| 18:59 | Create | Villager (Male) |
| 19:01 | Create | Archer |
| 19:01 | Create | Archer |
| 19:13 | Create | Villager (Male) |
| 19:19 | Create | Villager (Male) |
| 19:41 | Create | Archer |
| 19:41 | Create | Archer |
| 19:41 | Create | Archer |
| 19:54 | Create | Villager (Male) |
| 19:58 | Create | Villager (Male) |
| 20:00 | Build | House |
| 20:03 | Build | House |
| 20:10 | Build | Palisade Wall |
| 20:12 | Build | Palisade Wall |
| 20:24 | Create | Villager (Male) |
| 20:27 | Create | Archer |
| 20:54 | Create | Villager (Male) |
| 21:21 | Build | Market |
| 21:24 | Create | Villager (Male) |
| 21:27 | Create | Archer |
| 21:27 | Create | Archer |
| 21:29 | Build | Palisade Wall |
| 21:32 | Build | Palisade Wall |
| 21:33 | Build | Palisade Wall |
| 21:34 | Build | Palisade Wall |
| 21:37 | Build | Palisade Wall |
| 21:49 | Build | Mill |
| 21:52 | Create | Villager (Male) |
| 22:07 | Create | Archer |
| 22:19 | Build | House |
| 22:23 | Build | Palisade Wall |
Match timeline
| 5:09 | 桐月 · first_building Barracks |
| 8:31 | ITA | MarknighT · first_building Barracks |
| 9:42 | ITA | MarknighT · age_up feudal |
| 9:45 | ITA | MarknighT · first_building Archery Range |
| 9:56 | ITA | MarknighT · wall_segment Palisade Wall x1 |
| 9:57 | ITA | MarknighT · wall_segment Palisade Wall x1 |
| 9:58 | ITA | MarknighT · wall_segment Palisade Wall x1 |
| 10:22 | ITA | MarknighT · wall_segment Palisade Wall x1 |
| 10:26 | ITA | MarknighT · wall_segment Palisade Wall x1 |
| 10:31 | 桐月 · age_up feudal |
| 10:40 | 桐月 · first_building Archery Range |
| 10:50 | 桐月 · wall_segment Palisade Wall x1 |
| 11:12 | ITA | MarknighT · wall_segment Palisade Wall x1 |
| 11:13 | ITA | MarknighT · wall_segment Palisade Wall x1 |
| 11:17 | ITA | MarknighT · wall_segment Palisade Wall x1 |
| 11:18 | ITA | MarknighT · wall_segment Palisade Wall x1 |
| 11:22 | ITA | MarknighT · wall_segment Palisade Wall x1 |
| 11:23 | ITA | MarknighT · wall_segment Palisade Wall x1 |
| 11:40 | ITA | MarknighT · wall_segment Palisade Wall x2 |
| 11:43 | ITA | MarknighT · wall_segment Palisade Wall x1 |
| 13:18 | ITA | MarknighT · wall_segment Palisade Wall x1 |
| 13:20 | ITA | MarknighT · wall_segment Palisade Wall x1 |
| 13:46 | ITA | MarknighT · wall_segment Palisade Wall x1 |
| 13:52 | ITA | MarknighT · wall_segment Palisade Wall x2 |
| 13:53 | ITA | MarknighT · wall_segment Palisade Wall x2 |
| 13:53 | ITA | MarknighT · wall_segment Palisade Wall x1 |
| 14:00 | 桐月 · wall_segment Palisade Wall x1 |
| 14:08 | ITA | MarknighT · wall_segment Palisade Wall x2 |
| 14:33 | ITA | MarknighT · wall_segment Palisade Wall x1 |
| 14:38 | ITA | MarknighT · wall_segment Palisade Wall x2 |
| 17:14 | ITA | MarknighT · wall_segment Palisade Wall x1 |
| 17:56 | 桐月 · wall_segment Palisade Wall x1 |
| 20:01 | 桐月 · wall_segment Palisade Wall x1 |
| 20:10 | ITA | MarknighT · wall_segment Palisade Wall x5 |
| 20:12 | ITA | MarknighT · wall_segment Palisade Wall x5 |
| 21:29 | ITA | MarknighT · wall_segment Palisade Wall x1 |
| 21:32 | ITA | MarknighT · wall_segment Palisade Wall x2 |
| 21:33 | ITA | MarknighT · wall_segment Palisade Wall x6 |
| 21:34 | ITA | MarknighT · wall_segment Palisade Wall x3 |
| 21:37 | ITA | MarknighT · wall_segment Palisade Wall x1 |
| 21:52 | 桐月 · wall_segment Palisade Wall x1 |
| 22:02 | ITA | MarknighT · first_market_buy 100 food |
| 22:04 | 桐月 · wall_segment Palisade Wall x1 |
| 22:22 | 桐月 · age_up castle |
| 22:23 | ITA | MarknighT · wall_segment Palisade Wall x1 |
| 22:26 | ITA | MarknighT · wall_segment Palisade Wall x1 |
| 22:42 | ITA | MarknighT · wall_segment Palisade Wall x1 |
| 22:48 | ITA | MarknighT · wall_segment Palisade Wall x1 |
| 22:49 | ITA | MarknighT · wall_segment Palisade Wall x1 |
| 22:53 | ITA | MarknighT · wall_segment Palisade Wall x1 |
| 22:53 | 桐月 · first_building Siege Workshop |
| 22:54 | ITA | MarknighT · wall_segment Palisade Wall x1 |
| 22:55 | ITA | MarknighT · wall_segment Palisade Wall x1 |
| 23:56 | ITA | MarknighT · resign |
[ AI ANALYSIS · 1 CREDIT ]
What really happened in this match?
Wolo.gg analyzes every decision: build order, eco, micro, common mistakes by bracket. Personalized analysis on WhatsApp or Discord in 30 seconds.
Civ guide
Maya
Perfil
Jugador #8993542